AoeStats
← Rodri

African Clearing

510612455Analyzed
3v3 RM · 1d ago on Oct 1, 2026· 43m 38s· 6 players
Game mode
Random Map
Map size
Normal (6 player)
Population
200
Speed
Normal
Resources
Standard
Victory
Conquest
Starting age
Dark Age
Ending age
Imperial Age
RankedLock teamsTeams togetherTeam positionsShared explorationLock speedFull tech treeHidden civsTurbo modeCheats
Victory
Defeat
🇹🇷 Cumans · Türkiye
793
+15
🇺🇦 Vietnamese · Ukraine
773
+16
🇬🇧 Shu · United Kingdom
758
+17
🇺🇸 Franks · United States
826
-17
🇦🇷 Italians · Argentina
764
-16
🇸🇰 Huns · Slovakia
746
-15
Börü 𐰋𐰇𐰼𐰇
5:45 Loom
14:41 Feudal Age
17:58 Bloodlines
23:21 Horse Collar
24:48 Wheelbarrow
25:38 Town Watch
25:52 Stone Mining
27:16 Scale Barding Armor
27:32 Forging
27:23 Scale Mail Armor
27:18 Fletching
29:54 Castle Age
31:18 Chain Barding Armor
31:34 Iron Casting
31:59 Steppe Husbandry
38:03 Imperial Age
37:03 Ballistics
36:39 Murder Holes
38:36 Gold Mining
39:50 Conscription
40:28 Heavy Plow
40:54 Double-Bit Axe
42:07 Hand Cart
42:25 Bodkin Arrow
42:32 Scale Mail Armor
42:35 Padded Archer Armor
Monkey
3:00 Loom
14:31 Feudal Age
14:59 Double-Bit Axe
17:47 Man-at-Arms
18:28 Horse Collar
21:04 Wheelbarrow
22:27 Town Watch
25:13 Castle Age
34:34 Squires
35:15 Fletching
38:02 Coiled Serpent Array
38:51 Pikeman
45:02 Imperial Age
plan4itos
16:42 Feudal Age
15:00 Loom
18:52 Fletching
21:27 Castle Age
19:51 Double-Bit Axe
20:21 Town Watch
21:13 Wheelbarrow
22:43 Horse Collar
33:51 Bodkin Arrow
34:30 Padded Archer Armor
37:51 Imperial Age
36:16 Heavy Plow
40:00 Bracer
43:34 Ballistics
44:14 Chemistry
UBERBULLET
17:28 Feudal Age
22:26 Castle Age
23:54 Gold Mining
23:52 Double-Bit Axe
31:59 Stone Mining
42:26 Imperial Age
Rodri
16:21 Feudal Age
17:58 Wheelbarrow
17:13 Double-Bit Axe
18:20 Fishing Lines
19:39 Town Watch
26:00 Castle Age
Ambassador93
5:04 Loom
16:05 Feudal Age
22:01 Castle Age
20:02 Double-Bit Axe
19:58 Horse Collar
20:22 Gold Mining
20:22 Stone Mining
19:55 Man-at-Arms
22:32 Bloodlines
26:38 Husbandry
30:57 Squires
30:17 Pikeman
32:03 Forging
31:59 Scale Barding Armor
32:45 Fletching
33:14 Padded Archer Armor
33:59 Pikeman
35:46 Town Watch
36:36 Wheelbarrow
37:23 Arson
40:14 Thumb Ring
40:56 Bow Saw
Connection lost

Rejoining the realm…

Still unreachable

The connection could not be restored.

Session expired

The server has moved on; the page needs a fresh start.